 Dungeon Crawl Stone Soup version 0.30-b1-2-g02819fbbbe (webtiles) character file.

Game seed: 12008565014271547098

42705 DavidChitty2 the Severer (level 13, 0/119 HPs)
             Began as a Minotaur Fighter on May 16, 2023.
             Was the Champion of Makhleb.
             Slain by a 13-headed hydra (7 damage)
             ... summoned by a boggart
             ... on level 5 of the Lair of Beasts.
             The game lasted 00:20:52 (16338 turns).

DavidChitty2 the Severer (Minotaur Fighter)        Turns: 16338, Time: 00:20:52

Health: 0/119      AC: 25    Str: 25    XL:     13   Next: 86%
Magic:  18/18      EV:  7    Int:  5    God:    Makhleb [******]
Gold:   1420       SH: 14    Dex: 11    Spells: 12/12 levels left

rFire   . . .        a - +1 war axe (venom)
rCold   . . .        Q - +2 kite shield
rNeg    . . .        h - +0 plate armour
rPois   +            (helmet restricted)
rElec   .            y - +2 cloak {rCorr}
rCorr   +            K - +1 pair of gloves
SInv    .            s - +2 pair of boots
Will    .....        N - amulet of the acrobat Stlth
                     I - ring of poison resistance
HPRegen 0.39/turn    E - +4 ring of slaying
MPRegen 0.16/turn

%: acrobat
@: about to teleport
A: horns 2, retaliatory headbutt
a: Renounce Religion, Minor Destruction, Lesser Servant of Makhleb, Major
Destruction, Greater Servant of Makhleb


You were on level 5 of the Lair of Beasts.
You worshipped Makhleb.
Makhleb was exalted by your worship.
You visited 3 branches of the dungeon, and saw 17 of its levels.
You also visited: Sewer and Ossuary.

You collected 1625 gold pieces.
You spent 205 gold pieces at shops.

Inventory:

Hand Weapons
 a - a +1 war axe of venom (weapon)
 b - a +1 whip of flaming
   (You took it off Pikel on level 8 of the Dungeon)
Missiles
 x - 36 poisoned darts (quivered)
 A - a throwing net {!f}
Armour
 h - a +0 plate armour (worn)
   (You found it on level 1 of the Dungeon)
 s - a +2 pair of boots (worn)
   (You found it on level 3 of the Dungeon)
 y - a +2 cloak of preservation (worn)
   (You took it off Crazy Yiuf on level 5 of the Dungeon)
 K - a +1 pair of gloves (worn)
   (You found it on level 9 of the Dungeon)
 Q - a +2 kite shield (worn)
   (You found it on level 1 of the Lair of Beasts)
Jewellery
 i - a ring of protection from fire
   (You found it on level 2 of the Lair of Beasts)
 m - a ring of willpower
   (You found it on level 2 of the Dungeon)
 z - a ring of see invisible
   (You found it on level 4 of the Dungeon)
 E - a +4 ring of slaying (right hand)
   (You found it on level 6 of the Dungeon)
 I - a ring of poison resistance (left hand)
   (You found it on level 8 of the Dungeon)
 N - an amulet of the acrobat (around neck)
   (You took it off an orc warrior on level 11 of the Dungeon)
 S - a +4 ring of protection
   (You found it on level 4 of the Lair of Beasts)
 U - an amulet of guardian spirit
   (You found it on level 4 of the Lair of Beasts)
Wands
 d - a wand of iceblast (6)
   (You found it on level 6 of the Dungeon)
 t - a wand of flame (12)
   (You found it on level 4 of the Lair of Beasts)
 u - a wand of paralysis (22)
   (You took it off Ijyb on level 3 of the Dungeon)
 M - a wand of polymorph (3)
   (You found it on level 9 of the Dungeon)
Scrolls
 j - 6 scrolls of fog
 k - 5 scrolls of poison {!r}
 n - 11 scrolls of teleportation {@r4}
 p - a scroll of brand weapon
 v - 3 scrolls of fear
 F - 3 scrolls of immolation {!r}
 H - 2 scrolls of enchant armour
 J - a scroll of enchant weapon
 O - a scroll of magic mapping
 P - 2 scrolls of silence
 R - a scroll of identify {@r1}
Potions
 c - a potion of resistance {unknown}
 e - 8 potions of heal wounds {@q2}
 f - 4 potions of invisibility {unknown}
 g - 14 potions of curing {@q1}
 l - 4 potions of degeneration {unknown}
 o - 3 potions of haste {@q3}
 q - 6 potions of flight
 r - a potion of berserk rage {unknown}
 w - 3 potions of brilliance
 B - 4 potions of might
 C - a potion of cancellation
 D - 2 potions of ambrosia
 G - 3 potions of attraction {unknown}
 L - a potion of lignification {!q}
 T - 5 potions of mutation {!q}


   Skills:
 + Level 12.7 Fighting
 * Level 17.0 Axes
 + Level 12.7 Armour
 + Level 12.6 Shields
 + Level 9.2 Invocations


You had 12 spell levels left.
You didn't know any spells.
Your spell library contained the following spells:

 Spells                   Type           Power      Damage    Failure   Level
 Apportation              Tloc           0%         N/A       100%        1
 Summon Small Mammal      Summ           0%         N/A       100%        1
 Lesser Beckoning         Tloc           0%         N/A       100%        2
 Sublimation of Blood     Necr           0%         N/A       100%        2
 Call Canine Familiar     Summ           0%         N/A       100%        3
 Frozen Ramparts          Ice            0%         1d1       100%        3
 Gell's Gravitas          Tloc           0%         N/A       100%        3
 Ignite Poison            Fire/Tmut/Pois 0%         N/A       100%        3
 Summon Guardian Golem    Hex/Summ       0%         N/A       100%        3
 Teleport Other           Tloc           0%         N/A       100%        3
 Animate Dead             Necr           0%         N/A       100%        4
 Ice Form                 Ice/Tmut       0%         N/A       100%        4
 Petrify                  Tmut/Erth      0%         N/A       100%        4
 Sticky Flame             Conj/Fire      0%         2d3       100%        4
 Summon Ice Beast         Ice/Summ       0%         N/A       100%        4
 Summon Lightning Spire   Summ/Air       0%         N/A       100%        4
 Alistair's Intoxication  Tmut/Pois      0%         N/A       100%        5
 Borgnjor's Vile Clutch   Necr/Erth      0%         N/A       100%        5
 Irradiate                Conj/Tmut      0%         3d11      100%        5
 Death Channel            Necr           0%         N/A       100%        6
 Storm Form               Tmut/Air       0%         N/A       100%        7
 Ignition                 Fire           0%         3d3       100%        8
 Maxwell's Capacitive Co  Air            0%         ∞         100%        8


Dungeon Overview and Level Annotations

Branches:
Dungeon (11/15)            Temple (1/1) D:5            Lair (5/5) D:10
 Shoals (0/4) Lair:3        Snake (0/4) Lair:3          Orc (0/2) D:11
  Sewer (visited)         Ossuary (visited)
  Slime: Lair:4-5

Altars:
Ashenzari
Cheibriados
Dithmenos
Elyvilon
Fedhas
Gozag
Hepliaklqana
Kikubaaqudgha
Makhleb
Nemelex Xobeh
Okawaru
Qazlal
Ru
Sif Muna
Trog
Uskayaw
Vehumet
Wu Jian
Xom
Yredelemnul
Zin
The Shining One

Shops:
D:7 !   D:9 !*

Portals:
Trove: D:10 (give 4 scrolls of fear)

Annotations:
Lair:2 exclusion: ice statue


Innate Abilities, Weirdness & Mutations

You have a pair of horns on your head.
You reflexively headbutt those who attack you in melee.


Message History

The five-headed hydra grows two more!
You hit the seven-headed hydra. You hit the 13-headed hydra.
You hack one of the seven-headed hydra's heads off!
The six-headed hydra grows two more!
You hit the eight-headed hydra.
The eight-headed hydra is poisoned.
You block the 13-headed hydra's attack. x3
The 13-headed hydra bites you but does no damage. x3
The 13-headed hydra bites you. The 13-headed hydra bites you!
The 13-headed hydra bites you.
The 13-headed hydra bites you but does no damage. x4
The eight-headed hydra barely misses you. x2
The eight-headed hydra bites you but does no damage.
The eight-headed hydra bites you.
* * * LOW HITPOINT WARNING * * *
The eight-headed hydra completely misses you.
You block the eight-headed hydra's attack.
The eight-headed hydra bites you!
* * * LOW HITPOINT WARNING * * *
The eight-headed hydra bites you.
* * * LOW HITPOINT WARNING * * *
As you read the scroll of teleportation {@r4}, it crumbles to dust.
You feel strangely unstable. You block the 13-headed hydra's attack.
The 13-headed hydra bites you.
* * * LOW HITPOINT WARNING * * *
The 13-headed hydra bites you but does no damage. x3
The 13-headed hydra closely misses you. You block the 13-headed hydra's attack.
The 13-headed hydra bites you but does no damage. x2
The 13-headed hydra bites you.
* * * LOW HITPOINT WARNING * * *
The 13-headed hydra bites you but does no damage. x3
You block the wolf's attack.
The eight-headed hydra bites you but does no damage.
The eight-headed hydra bites you.
* * * LOW HITPOINT WARNING * * *
The eight-headed hydra bites you but does no damage.
The eight-headed hydra bites you.
* * * LOW HITPOINT WARNING * * *
The eight-headed hydra barely misses you.
You block the eight-headed hydra's attack.
The eight-headed hydra completely misses you.
The eight-headed hydra bites you.
* * * LOW HITPOINT WARNING * * *
The 13-headed hydra attacks as you move away!
You block the 13-headed hydra's attack.
The 13-headed hydra bites you but does no damage.
You block the 13-headed hydra's attack. The 13-headed hydra bites you!
* * * LOW HITPOINT WARNING * * *
The 13-headed hydra bites you!
* * * LOW HITPOINT WARNING * * *
The 13-headed hydra bites you!
You die...

♣♣♣♣♣ .....♣
♣..g♣♣♣♣
♣DD♣.♣♣♣
♣@....♣ #####
♣h....♣♣
#..P##
♣..♣.)))♣##
##....
♣..♣♣♣♣....#
#..... ♣...
♣♣♣..####.....
..♣..
♣..##(......
..♣..♣
♣...........
♣♣♣..
♣...........)
♣............


You could see a 13-headed hydra (summoned, very poisoned), an eight-headed hydra
(summoned, very poisoned), a wolf and a boggart.

Vanquished Creatures
  Snorg (Lair:3)
  A hydra (Lair:4)
  2 two-headed ogres
  8 death yaks (Lair:4)
  Erica (D:11)
  A skyshark (Lair:4)
  Lodul (D:11)
  A wizard (D:10)
  A lindwurm (Lair:3)
  Pikel (D:8)
  3 harpies (Lair:3)
  A manticore (D:11)
  5 black mambas
  A torpor snail (Lair:2)
  2 unseen horrors
  Joseph (Lair:1)
  14 cane toads
  5 rime drakes
  6 komodo dragons
  A troll (D:11)
  6 polar bears
  3 hornets
  16 blink frogs
  A dream sheep (Lair:5)
  Sigmund (D:3)
  4 spriggans (Lair:5)
  4 wyverns
  2 wraiths
  34 yaks
  3 basilisks
  2 steam dragons
  2 nagas (Lair:3)
  2 acid dragons
  16 water moccasins
  A sky beast (D:7)
  7 orc warriors
  4 black bears
  5 ice beasts
  8 ogres
  A boggart (Lair:5)
  11 wolves
  2 centaurs (D:8)
  A phantom (D:6)
  An elf zombie (Ossuary)
  9 bullfrogs
  7 kobold brigands
  A scorpion (D:5)
  10 wights
  4 howler monkeys
  3 electric eels
  A centaur zombie (Ossuary)
  3 hounds
  3 jellies
  Crazy Yiuf (D:5)
  5 orc priests
  A sleepcap (D:7)
  Ijyb (D:3)
  2 iguanas
  11 orc wizards
  2 mummies (Ossuary)
  14 adders
  11 gnolls
  2 river rats (Sewer)
  2 shadow imps
  4 white imps
  An ufetubus (D:4)
  An adder zombie (Ossuary)
  A worm (D:2)
  4 dart slugs
  50 orcs
  7 bats
  10 endoplasms
  4 giant cockroaches (D:4)
  6 goblins
  5 hobgoblins
  2 jackals (Sewer)
  29 kobolds
  4 quokkas
  19 ball pythons
  6 frilled lizards
  A goblin zombie (Ossuary)
  11 hobgoblin zombies (Ossuary)
  2 jackal zombies (Ossuary)
  9 kobold zombies (Ossuary)
  9 orc zombies (Ossuary)
  10 rats
  2 rat zombies (Ossuary)
484 creatures vanquished.

Vanquished Creatures (collateral kills)
  A rime drake (Lair:3)
1 creature vanquished.

Vanquished Creatures (others)
  An orc wizard (D:7)
  13 fungi
  47 plants
61 creatures vanquished.

Grand Total: 546 creatures vanquished

Notes
Turn   | Place    | Note
-------+----------+-------------------------------------------
     0 | D:1      | DavidChitty2 the Minotaur Fighter began the quest for the
                  | Orb.
     0 | D:1      | Reached XP level 1. HP: 19/19 MP: 0/0
   399 | D:1      | Reached XP level 2. HP: 27/27 MP: 1/1
   839 | D:2      | Reached skill level 3 in Axes
   859 | D:2      | Found a sacrificial altar of Ru.
   939 | D:2      | Reached XP level 3. HP: 33/33 MP: 2/2
  1237 | D:2      | Reached XP level 4. HP: 24/40 MP: 3/3
  1350 | D:2      | Reached skill level 4 in Axes
  1662 | D:3      | Noticed Ijyb
  1667 | D:3      | Paralysed by Ijyb for 5 turns
  1676 | D:3      | Killed Ijyb
  1677 | D:3      | Reached XP level 5. HP: 36/47 MP: 4/4
  1740 | D:3      | Noticed a black bear
  1745 | D:3      | Killed a black bear
  1746 | D:3      | Reached skill level 5 in Axes
  1959 | D:3      | Reached XP level 6. HP: 15/55 MP: 0/5
  1962 | D:3      | Reached skill level 5 in Fighting
  1962 | D:3      | Reached skill level 5 in Armour
  1962 | D:3      | Reached skill level 5 in Shields
  2290 | D:3      | Noticed Sigmund
  2295 | D:3      | Killed Sigmund
  2296 | D:3      | Reached skill level 6 in Axes
  2296 | D:3      | Reached XP level 7. HP: 59/61 MP: 6/6
  2532 | D:4      | Found a glowing drain.
  2618 | Sewer    | Entered a sewer
  3095 | Sewer    | Reached skill level 7 in Axes
  4437 | D:5      | Entered Level 5 of the Dungeon
  4505 | D:5      | Reached XP level 8. HP: 61/70 MP: 5/7
  4546 | D:5      | Found a staircase to the Ecumenical Temple.
  4562 | Temple   | Entered the Ecumenical Temple
  4643 | Temple   | Became a worshipper of Makhleb the Destroyer
  5302 | D:5      | Found a runed translucent door.
  5303 | D:5      | Noticed Crazy Yiuf
  5450 | D:5      | Killed Crazy Yiuf
  5534 | D:6      | Found a radiant altar of Vehumet.
  5681 | D:6      | Reached skill level 8 in Axes
  5681 | D:6      | Reached skill level 1 in Invocations
  6197 | D:7      | Found a sand-covered staircase.
  6202 | D:7      | Reached * piety under Makhleb
  6209 | D:7      | Reached XP level 9. HP: 46/76 MP: 4/9
  6224 | Ossuary  | Entered an ossuary
  6425 | Ossuary  | Reached skill level 9 in Axes
  6433 | Ossuary  | Reached ** piety under Makhleb
  7216 | D:7      | Found Exozxog's Distillery.
  7223 | D:7      | Bought a potion of haste for 140 gold pieces
  7405 | D:8      | Reached skill level 10 in Axes
  7486 | D:8      | Reached *** piety under Makhleb
  7622 | D:8      | Noticed Pikel
  7630 | D:8      | Killed Pikel
  7690 | D:8      | Reached XP level 10. HP: 72/88 MP: 10/12
  8359 | D:9      | Reached skill level 11 in Axes
  8543 | D:9      | Found Pioleid's Elemental Accessories.
  8672 | D:9      | Found Techuego's Distillery.
  8676 | D:9      | Paralysed by a hornet for 2 turns
  8688 | D:9      | Bought a potion of heal wounds for 65 gold pieces
  9161 | D:10     | Entered Level 10 of the Dungeon
  9265 | D:10     | Noticed a wizard
  9274 | D:10     | Killed a wizard
  9275 | D:10     | Reached skill level 5 in Invocations
  9275 | D:10     | Noticed a two-headed ogre
  9284 | D:10     | Killed a two-headed ogre
  9285 | D:10     | Reached skill level 12 in Axes
  9478 | D:10     | Found a staircase to the Lair.
  9504 | D:10     | Reached **** piety under Makhleb
  9510 | D:10     | Reached XP level 11. HP: 97/97 MP: 11/14
  9806 | D:10     | Found a portal to a secret trove of treasure.
 10290 | D:11     | Noticed Erica
 10309 | D:11     | Killed Erica
 10563 | D:11     | Noticed a two-headed ogre
 10570 | D:11     | Killed a two-headed ogre
 10571 | D:11     | Reached skill level 13 in Axes
 10571 | D:11     | Reached skill level 10 in Armour
 10635 | D:11     | Noticed Lodul
 10646 | D:11     | Reached skill level 10 in Fighting
 10646 | D:11     | Reached skill level 10 in Shields
 10662 | D:11     | Killed Lodul
 10832 | D:11     | Reached ***** piety under Makhleb
 10975 | D:11     | Found a staircase to the Orcish Mines.
 11248 | Lair:1   | Entered Level 1 of the Lair of Beasts
 11510 | Lair:1   | Reached skill level 14 in Axes
 11548 | Lair:1   | Reached XP level 12. HP: 107/107 MP: 16/16
 11580 | Lair:1   | Noticed Joseph
 11593 | Lair:1   | Killed Joseph
 11757 | Lair:1   | Identified the +1 short sword "Rodufoafae" {venom, rN+ MP+9
                  | Int+4 Stlth-}
 12913 | Lair:2   | Reached skill level 15 in Axes
 13517 | Lair:3   | Noticed Snorg
 13531 | Lair:3   | Killed Snorg
 13782 | Lair:3   | Found a staircase to the Snake Pit.
 13856 | Lair:3   | Found a staircase to the Shoals.
 13992 | Lair:3   | Reached XP level 13. HP: 117/117 MP: 18/18
 14511 | Lair:4   | Reached skill level 16 in Axes
 14725 | Lair:4   | Reached ****** piety under Makhleb
 15729 | Lair:5   | Entered Level 5 of the Lair of Beasts
 16278 | Lair:5   | Reached skill level 17 in Axes
 16338 | Lair:5   | Slain by a 13-headed hydra

Illustrated notes

Levels and vault maps discovered:
D:1:      onia_arrival_pentagram, layout_loops_corners
D:2:      layout_rooms, basic_altar, kennysheep_nondescript, st_stairs_2,
          minmay_snake_closets
D:3:      layout_loops_ring, uniq_sigmund, uniq_ijyb
D:4:      minmay_door_path, layout_basic, portal_sewer_entry_a, serial_rivers,
          chequers_serial_rivers_room_a, chequers_serial_rivers_large_b,
          chequers_serial_rivers_micro_b, chequers_serial_rivers_micro_c
D:5:      layout_gridville, temple_fountains, grunt_decor_arrowhead,
          uniq_crazy_yiuf_cottage
D:6:      layout_rooms, mainiacjoe_overflow_alcove_1
D:7:      layout_loops_cross, lightli_ossuary_entry_decrepit_ruins,
          serial_shops, shop_statue, kennysheep_cross_bottleneck
D:8:      black_bear_nest_2, layout_gridville, uniq_pikel
D:9:      layout_loops_ring, serial_shops, nicolae_shop_industrial_runoff,
          nicolae_elemental_shop, minivault_10, nicolae_hexahallways
D:10:     layout_irregular_city, david_lair_shrubbed, enter_trove_6
D:11:     layout_basic, david_orc_4, uniq_lodul, uniq_erica
Temple:   grunt_wide_crystal_templ
Lair:1:   layout_big_grid, grunt_megastairs_5, uniq_joseph
Lair:2:   layout_gridlike, ice2_lemuel
Lair:3:   layout_hall_layers, nicolae_shoals_entry_roost,
          guppyfry_snake_entry_garden, uniq_snorg
Lair:4:   layout_regular_city, serial_bayou_ford_a
Lair:5:   minmay_lair_end_enchanted_forest, layout_hall_layers,
          nicolae_slime_entry_slimehenge, grunt_forest_stairs_basic,
          nicolae_lair_lil_pond, ldierk_geyser, lemuel_fruit_fields,
          grunt_megastairs_3

Skill      XL: |  1  2  3  4  5  6  7  8  9 10 11 12 13 |
---------------+----------------------------------------+-----
Axes           | 3 4 5 6 7 8 10 12 14 15 17 | 17.0
Fighting       | 4 5 6 7 8 9 10 11 12 | 12.7
Armour         | 4 5 6 7 8 9 10 11 12 | 12.7
Shields        | 4 5 6 7 8 9 10 11 12 | 12.6
Invocations    | 2 4 5 6 8 9 |  9.2

Action                     |  1- 3 |  4- 6 |  7- 9 | 10-12 | 13-15 || total
---------------------------+-------+-------+-------+-------+-------++-------
  Melee: War axe           |    86 |    72 |   405 |   459 |   211 ||  1233
         Headbutt          |     9 |    11 |    62 |   107 |    49 ||   238
         Whip              |       |       |       |       |    11 ||    11
 Invoke: Lesser Servant of |       |       |     1 |     1 |       ||     2
  Evoke: Wand              |       |       |       |     1 |       ||     1
    Use: Potion            |       |     1 |     1 |     1 |     1 ||     4
         Scroll            |       |       |    18 |     5 |     1 ||    24
 Armour: Scale mail        |     6 |       |       |       |       ||     6
         Plate armour      |    53 |    53 |   291 |   228 |   125 ||   750
  Dodge: Dodged            |    32 |    21 |   146 |   148 |    63 ||   410
  Block: Buckler           |    29 |    14 |   102 |    74 |       ||   219
         Kite shield       |       |       |       |   113 |   150 ||   263
